 Dungeon Crawl Stone Soup version 0.30.1-4-g462c640d31 (webtiles) character file.

Game seed: 10514565096858779505

4347 Zeor the Thaumaturge (level 10, -7/53 HPs)
             Began as a Deep Elf Conjurer on Aug 11, 2023.
             Was a Follower of Vehumet.
             Killed from afar by Erica (23 damage)
             ... with a lance of force
             ... on level 9 of the Dungeon.
             The game lasted 00:30:32 (8333 turns).

Zeor the Thaumaturge (Deep Elf Conjurer)            Turns: 8333, Time: 00:30:33

Health: -7/53      AC:  9    Str:  4    XL:     10   Next: 12%
Magic:  20/29      EV: 18    Int: 28    God:    Vehumet [*.....]
Gold:   538        SH:  0    Dex: 19    Spells: 18/35 levels left

rFire   . . .        D - +11 whip "Undertaker" {flame, rC+ Stlth+}
rCold   + + .        (no shield)
rNeg    . . .        s - +2 leather armour {rC+}
rPois   +            c - +0 helmet
rElec   +            m - +0 cloak
rCorr   .            (no gloves)
SInv    .            p - +1 pair of boots {Fly}
Will    +....        g - amulet of magic regeneration
Stlth   +++          e - +6 ring of dexterity
HPRegen 0.28/turn    C - ring of Meofrasch {rElec rPois EV+5}
MPRegen 0.61/turn

%: no passive effects
@: lethally poisoned (-7 -> -15), flying
A: no striking features
a: Renounce Religion


You were on level 9 of the Dungeon.
You worshipped Vehumet.
Vehumet was aware of your devotion.
You visited 2 branches of the dungeon, and saw 10 of its levels.

You collected 538 gold pieces.

Inventory:

Hand Weapons
 a - a +4 heavy quarterstaff
 d - a +2 spear of venom
 j - a +1 spear of flaming
 D - the +11 whip "Undertaker" (weapon) {flame, rC+ Stlth+}
   (You found it on level 8 of the Dungeon)

   rC:        It protects you from cold.
   Stlth:     It makes you more stealthy.
Missiles
 i - 7 atropa-tipped darts
 k - 26 poisoned darts
 x - 2 throwing nets
Armour
 c - a +0 helmet (worn)
 m - a +0 cloak (worn)
 p - a +1 pair of boots of flying (worn)
 s - a +2 leather armour of cold resistance (worn)
Jewellery
 e - a +6 ring of dexterity (left hand)
 g - an amulet of magic regeneration (around neck)
 u - a ring of ice
 C - the ring of Meofrasch (right hand) {rElec rPois EV+5}
   (You found it on level 7 of the Dungeon)

   [ring of evasion]

   EV:        It affects your evasion (+5).
   rElec:     It insulates you from electricity.
   rPois:     It protects you from poison.
Wands
 t - a wand of quicksilver (15)
 v - a wand of polymorph (22)
 y - a wand of flame (68)
 E - a wand of roots (13)
Scrolls
 l - a scroll of immolation
 F - a scroll of blinking
Potions
 b - 2 potions of magic
 f - a potion of lignification
 h - 2 potions of might
 n - a potion of curing
 o - 2 potions of heal wounds
 q - a potion of degeneration {unknown}
 r - 2 potions of berserk rage {unknown}
 w - 2 potions of resistance
 z - a potion of invisibility {unknown}
 A - a potion of mutation {unknown}
 B - 2 potions of flight {unknown}


   Skills:
 + Level 2.2 Fighting
 + Level 2.2 Staves
 + Level 0.5 Throwing
 + Level 3.2 Armour
 + Level 5.1 Dodging
 - Level 3.2 Stealth
 * Level 13.4 Spellcasting
 + Level 9.6 Conjurations
 + Level 1.2 Hexes
 + Level 0.4 Ice Magic


You had 18 spell levels left.
You knew the following spells:

 Your Spells              Type           Power      Damage    Failure   Level
a - Magic Dart            Conj           100%       1d8       1%          1
b - Searing Ray           Conj           100%       2d8       1%          2
c - Dazzling Flash        Conj/Hex       98%        N/A       1%          3
d - Iskenderun's Mystic   Conj/Tloc      45%        2d10      7%          4
e - Fulminant Prism       Conj/Hex       24%        3d12      4%          4
f - Passwall              Tmut/Erth      15%        N/A       7%          2
g - Freeze                Ice            84%        1d9       4%          1

Your spell library contained the following spells:

 Spells                   Type           Power      Damage    Failure   Level
 Beastly Appendage        Tmut           36%        N/A       4%          1
 Ensorcelled Hibernation  Hex/Ice        46%        N/A       4%          2
 Wereblood                Tmut           18%        N/A       7%          2
 Gell's Gravitas          Tloc           18%        N/A       14%         3
 Spider Form              Tmut/Pois      18%        N/A       14%         3
 Swiftness                Air            18%        N/A       14%         3
 Teleport Other           Tloc           18%        N/A       14%         3
 Dispersal                Tloc           9%         N/A       100%        6


Dungeon Overview and Level Annotations

Branches:
Dungeon (9/15)             Temple (1/1) D:5
   Lair: D:8-11         Orc: D:9-12

Altars:
Ashenzari
Cheibriados
Dithmenos
Elyvilon
Fedhas
Gozag
Hepliaklqana
Kikubaaqudgha
Makhleb
Nemelex Xobeh
Okawaru
Qazlal
Ru
Sif Muna
Trog
Uskayaw
Vehumet
Wu Jian
Xom
Yredelemnul
Zin
The Shining One

Annotations:
D:9 Erica


Message History

(Press . to maintain the ray.)
You hear a zap.
Something tries to affect you, but you resist.
The searing ray hits something.
Something tries to affect you, but you resist.
You hear a zap.
Your will is overpowered!
You are confused.
You bump into the rock wall.
You hear some strange, mumbled words.
A lance of force appears from out of thin air!
The lance of force misses you.
You feel better.
You hear some strange, mumbled words.
You are confused.
You're too confused to cast spells.
You feel better.
You hear a zap.
Something tries to affect you, but you resist.
The now-empty wand crumbles to dust.
Casting: Searing Ray (safe; 1% risk of failure)
Confirm with . or Enter, or press ? or * to list all spells.
Aiming: Searing Ray (safe; 1% risk of failure)
Press: ? - help, Shift-Dir - straight line (Press . to maintain the ray.)
You hear some strange, mumbled words.
Something tries to affect you, but you resist.
The searing ray hits something!
Something hits you! Something burns you. Something hits you!
Something burns you.
You finish channelling your searing ray.
You hear some strange, mumbled words.
A bolt of poison appears from out of thin air!
The bolt of poison hits you.
You are poisoned.
You resist.
You closely miss something.
You feel very sick.
You hear some strange, mumbled words.
A lance of force appears from out of thin air!
The lance of force hits you!!
You die...

▒▒ ∙∙ ▒∙ ▒▒∙
▒▒▒∙▒ ▒∙▒▒
▒▒{∙∙∙▒
▒∙∙▒▒▒e▒
▒<▒∙▒∙▒▒
▒∙▒∙∙∙▒
▒∙▒∙∙∙▒
▒∙∙∙∙∙∙∙▒
▒∙∙∙∙∙∙∙∙∙∙
▒∙∙∙∙∙∙∙▒▒∙∙
∙∙∙∙∙∙∙∙∙▒ ∙
▒▒▒▒∙∙∙▒▒∙▒


There were no monsters in sight!

Vanquished Creatures
  Maurice (D:8)
  A hornet (D:8)
  Prince Ribbit (D:5)
  Menkaure (D:5)
  2 water moccasins
  An orc warrior (D:8)
  An acid dragon (D:8)
  Duvessa (D:6)
  2 black bears
  An ice beast (D:5)
  3 sky beasts
  3 ogres (D:4)
  A phantom (D:5)
  3 kobold brigands
  A bullfrog (D:8)
  2 scorpions (D:7)
  3 wights (D:8)
  Dowan (D:6)
  10 killer bees
  A howler monkey (D:6)
  A crimson imp (D:6)
  4 hounds
  7 orc priests
  2 jellies
  Crazy Yiuf (D:2)
  A gnoll bouda (D:7)
  Ijyb (D:5)
  A sleepcap (D:5)
  Terence (D:2)
  3 iguanas
  2 orc wizards
  Robin (D:2)
  8 gnolls
  6 adders
  2 white imps (D:7)
  An ufetubus (D:5)
  3 worms (D:2)
  A dart slug (D:1)
  30 orcs
  8 endoplasms
  2 giant cockroaches
  10 goblins
  7 hobgoblins
  9 jackals
  17 kobolds
  6 quokkas
  6 ball pythons
  9 bats
  11 frilled lizards
  7 rats
208 creatures vanquished.

Vanquished Creatures (others)
  6 fulminant prisms
6 creatures vanquished.

Grand Total: 214 creatures vanquished

Notes
Turn   | Place    | Note
-------+----------+-------------------------------------------
     0 | D:1      | Zeor the Deep Elf Conjurer began the quest for the Orb.
     0 | D:1      | Reached XP level 1. HP: 10/10 MP: 6/6
   380 | D:1      | Reached XP level 2. HP: 15/15 MP: 6/8
   383 | D:1      | Learned a level 2 spell: Searing Ray
   481 | D:1      | Reached skill level 5 in Conjurations
  1057 | D:2      | Reached XP level 3. HP: 19/19 MP: 2/9
  1178 | D:2      | Learned a level 3 spell: Dazzling Flash
  1510 | D:2      | Reached XP level 4. HP: 24/24 MP: 6/10
  1568 | D:2      | Noticed Robin
  1577 | D:2      | Killed Robin
  1676 | D:2      | Found a runed translucent door.
  1676 | D:2      | Noticed Terence
  1677 | D:2      | Noticed Crazy Yiuf
  2068 | D:2      | Killed Terence
  2068 | D:2      | Killed Crazy Yiuf
  2069 | D:2      | Reached skill level 4 in Spellcasting
  2069 | D:2      | Reached XP level 5. HP: 12/28 MP: 7/13
  2207 | D:3      | Found a hazy altar of Hepliaklqana.
  2214 | D:3      | Found a blossoming altar of Fedhas.
  2540 | D:3      | Learned a level 4 spell: Iskenderun's Mystic Blast
  2640 | D:3      | Found a shimmering blue altar of Sif Muna.
  2899 | D:4      | Noticed an ogre
  2906 | D:4      | Killed an ogre
  2907 | D:4      | Reached skill level 5 in Spellcasting
  2907 | D:4      | Reached XP level 6. HP: 32/32 MP: 10/16
  3060 | D:4      | Reached skill level 6 in Spellcasting
  3130 | D:4      | Learned a level 4 spell: Fulminant Prism
  3164 | D:4      | Reached XP level 7. HP: 37/37 MP: 15/19
  3258 | D:4      | Identified a scroll of acquirement
  3258 | D:4      | Acquired a +1 pair of boots of flying
  3382 | D:4      | Reached skill level 7 in Spellcasting
  4027 | D:5      | Entered Level 5 of the Dungeon
  4107 | D:5      | Noticed Prince Ribbit
  4140 | D:5      | Reached skill level 8 in Spellcasting
  4218 | D:5      | Found a staircase to the Ecumenical Temple.
  4227 | Temple   | Entered the Ecumenical Temple
  4511 | D:5      | Noticed Ijyb
  4518 | D:5      | Killed Ijyb
  4747 | D:5      | Reached skill level 1 in Staves
  4747 | D:5      | Reached XP level 8. HP: 42/42 MP: 16/22
  4781 | D:5      | Noticed Menkaure
  4789 | D:5      | Killed Menkaure
  4790 | D:5      | Reached skill level 9 in Spellcasting
  5146 | D:5      | Killed Prince Ribbit
  5147 | D:5      | Reached skill level 1 in Armour
  5211 | D:6      | Reached skill level 10 in Spellcasting
  5382 | D:6      | Reached skill level 1 in Fighting
  5508 | D:6      | Found a shimmering altar of Xom.
  5569 | D:6      | Found a burning altar of Makhleb.
  5570 | D:6      | Found a radiant altar of Vehumet.
  5578 | D:6      | Became a worshipper of Vehumet
  5681 | D:6      | Found an ornate altar of the Wu Jian Council.
  5903 | D:6      | Learned a level 2 spell: Passwall
  5909 | D:6      | Found a bloodstained altar of Trog.
  6254 | D:6      | Found an ancient bone altar of Kikubaaqudgha.
  6256 | D:6      | Found a snail-covered altar of Cheibriados.
  6369 | D:6      | Noticed Duvessa
  6370 | D:6      | Noticed Dowan
  6385 | D:6      | Killed Duvessa
  6386 | D:6      | Reached skill level 11 in Spellcasting
  6400 | D:6      | Killed Dowan
  6401 | D:6      | Reached XP level 9. HP: 46/47 MP: 21/26
  6498 | D:7      | Identified the +0 chain mail of Tusit {Str+3 Int-5 Dex+6}
  6504 | D:7      | Identified the ring of Meofrasch {rElec rPois EV+5}
  6785 | D:7      | Found a stormy altar of Qazlal.
  7026 | D:7      | Reached * piety under Vehumet
  7026 | D:7      | Offered knowledge of Freeze by Vehumet.
  7031 | D:7      | Learned a level 1 spell: Freeze
  7072 | D:7      | Reached skill level 12 in Spellcasting
  7391 | D:8      | Found an iron altar of Okawaru.
  7573 | D:8      | Identified the +11 whip "Undertaker" {flame, rC+ Stlth+}
  7602 | D:8      | Noticed Maurice
  7645 | D:8      | Reached skill level 5 in Dodging
  7654 | D:8      | Killed Maurice
  7655 | D:8      | Reached skill level 13 in Spellcasting
  7787 | D:8      | Reached XP level 10. HP: 53/53 MP: 18/29
  7994 | D:8      | Reached skill level 1 in Hexes
  8311 | D:9      | Noticed Erica
  8333 | D:9      | Killed from afar by Erica

Illustrated notes

Levels and vault maps discovered:
D:1:      dpeg_chamrin_arrival_tetris, layout_loops_ring
D:2:      minmay_door_path, layout_basic, kennysheep_minor_cross,
          uniq_crazy_yiuf_cottage, uniq_terence, uniq_robin
D:3:      layout_basic, mainiacjoe_overflow_big_doors,
          mainiacjoe_overflow_concentric_impassable
D:4:      layout_basic
D:5:      layout_loops_ring, minmay_temple_entry_tees, kennysheep_boxes,
          uniq_menkaure, uniq_prince_ribbit1, uniq_ijyb
D:6:      layout_gridville, grunt_temple_overflow_lords_of_destruction,
          nicolae_overflow_hidden_temple, nicolae_wu_jian_glorious_leap,
          kennysheep_mini, lexackson_kobold_supper, uniq_duvessa
D:7:      layout_loops_ring, mainiacjoe_overflow_chevrons,
          minmay_misc_feat_four_crosses
D:8:      layout_basic, mainiacjoe_overflow_six_doors_small, uniq_maurice
D:9:      layout_loops_ring, uniq_erica
Temple:   jpeg_temple_alley_garden

Skill      XL: |  1  2  3  4  5  6  7  8  9 10 |
---------------+-------------------------------+-----
Conjurations   | 5 6 7 8 9 |  9.6
Stealth        | 3 |  3.2
Spellcasting   | 4 5 6 8 11 13 | 13.4
Dodging        | 3 4 5 |  5.1
Staves         | 1 2 |  2.2
Armour         | 2 3 |  3.2
Fighting       | 1 2 |  2.2
Hexes          | 1 |  1.2
Throwing       | |  0.5
Ice Magic      | |  0.4

Action                     |  1- 3 |  4- 6 |  7- 9 | 10-12 || total
---------------------------+-------+-------+-------+-------++-------
  Melee: Short sword       |    14 |       |       |       ||    14
         Quarterstaff      |       |     3 |    10 |       ||    13
         Whip              |       |       |     1 |     6 ||     7
  Throw: Dart              |       |     2 |       |       ||     2
   Cast: Magic Dart        |    41 |    51 |    58 |     4 ||   154
         Searing Ray       |    10 |    15 |    72 |     6 ||   103
         Dazzling Flash    |       |     2 |     4 |     1 ||     7
         Fulminant Prism   |       |       |     4 |     2 ||     6
         Freeze            |       |       |     2 |       ||     2
    Use: Scroll            |       |     7 |     9 |       ||    16
         Potion            |       |       |     1 |     2 ||     3
   Stab: Sleeping          |     2 |       |     2 |     1 ||     5
         Invisible         |       |     1 |       |       ||     1
 Armour: Robe              |     8 |     4 |     3 |       ||    15
         Leather armour    |       |       |    12 |       ||    12
  Dodge: Dodged            |    11 |    20 |    83 |    11 ||   125
